AoeStats
← Lord_Wilfredo

Nomad

508940490Analyzed
4v4 RM · 8d ago on Sep 24, 2026· 41m 33s· 8 players
Game mode
Random Map
Map size
231×231
Population
200
Speed
Normal
Resources
Standard
Victory
Conquest
Starting age
Dark Age
Ending age
Imperial Age
RankedLock teamsTeams togetherTeam positionsShared explorationLock speedFull tech treeHidden civsTurbo modeCheats
Victory
Defeat
🇦🇷 Britons · Argentina
1351
+14
🇦🇷 Spanish · Argentina
1336
+15
1266
+18
🇨🇴 Mongols · Colombia
1256
+18
🇫🇷 Saxons · France
1352
-19
🇲🇦 Japanese · Morocco
1323
-17
🇵🇱 Slavs · Poland
1274
-15
🇫🇷 Persians · France
1263
-14
Aiden
4:46 Loom
13:38 Feudal Age
17:32 Castle Age
17:52 Town Watch
18:23 Fletching
18:33 Double-Bit Axe
18:33 Horse Collar
19:27 Scale Mail Armor
22:26 Bow Saw
22:24 Bodkin Arrow
23:51 Stone Mining
25:20 Gold Mining
37:16 Wheelbarrow
Sahraoui
5:07 Loom
14:19 Feudal Age
17:20 Forging
23:18 Wheelbarrow
29:53 Double-Bit Axe
29:52 Horse Collar
32:17 Castle Age
30:14 Town Watch
33:13 Bloodlines
33:42 Iron Casting
33:13 Scale Barding Armor
37:32 Light Cavalry
38:52 Fletching
kozakeloth
10:58 Loom
13:49 Feudal Age
14:40 Fishing Lines
20:03 Castle Age
18:19 Double-Bit Axe
18:52 Stone Mining
20:02 Wheelbarrow
19:12 Horse Collar
21:16 Bow Saw
21:23 Gillnets
22:24 Gold Mining
26:18 Scale Barding Armor
26:58 Forging
28:32 Iron Casting
29:08 Hand Cart
30:13 Gold Shaft Mining
30:31 Chain Barding Armor
32:29 Detinets
32:50 Husbandry
33:00 Bloodlines
39:23 Imperial Age
39:31 Elite Boyar
40:32 Conscription
40:59 Plate Barding Armor
42:42 Blast Furnace
Rock_Bottom
4:31 Loom
4:57 Loom
12:32 Feudal Age
14:02 Double-Bit Axe
14:09 Gold Mining
14:15 Town Watch
17:50 Fletching
20:23 Castle Age
19:35 Scale Barding Armor
21:23 Bodkin Arrow
21:41 Medium Warships
21:59 Bow Saw
24:08 Fishing Lines
25:28 Wheelbarrow
26:13 Stone Mining
26:59 Gold Shaft Mining
29:12 Imperial Age
27:31 Gillnets
29:09 Padded Archer Armor
30:00 Bracer
30:59 Leather Archer Armor
31:56 Hand Cart
31:59 Bloodlines
31:50 Husbandry
31:46 Cavalier
32:33 Scale Barding Armor
32:38 Light Cavalry
34:00 Chain Barding Armor
34:55 Forging
36:36 Iron Casting
37:53 Two-Man Saw
36:35 Horse Collar
37:37 Heavy Warships
38:24 Chemistry
40:22 Blast Furnace
IMPORTAINER S.A @ DaNkoN_ARG
8:29 Loom
12:22 Feudal Age
15:00 Double-Bit Axe
18:11 Fletching
26:13 Castle Age
25:38 Gold Mining
26:31 Stone Mining
27:53 Medium Warships
28:08 Bow Saw
28:15 Bodkin Arrow
30:38 Guard Tower
31:54 Masonry
33:05 Wheelbarrow
33:20 Town Watch
35:11 Ballistics
37:53 Bloodlines
37:50 Scale Barding Armor
37:56 Forging
38:36 Stone Shaft Mining
38:37 Gold Shaft Mining
40:27 Iron Casting
40:13 Chain Barding Armor
41:27 Clinker Construction
44:04 Imperial Age
Lord_Wilfredo
3:54 Loom
14:16 Feudal Age
18:03 Castle Age
16:38 Fishing Lines
16:51 Double-Bit Axe
19:20 Bow Saw
18:53 Horse Collar
27:52 Wheelbarrow
27:03 Town Watch
28:22 Gold Mining
28:23 Stone Mining
32:50 Imperial Age
30:49 Hand Cart
31:26 Town Patrol
32:31 Bloodlines
32:22 Husbandry
32:55 Scale Barding Armor
33:00 Forging
33:01 Cavalier
34:09 Chain Barding Armor
35:40 Chemistry
35:16 Conscription
36:05 Paladin
38:25 Plate Barding Armor
40:24 Iron Casting
42:39 Blast Furnace
TanjiroK
5:15 Loom
12:07 Feudal Age
12:53 Town Watch
17:11 Castle Age
15:55 Fletching
25:14 Padded Archer Armor
26:07 Horse Collar
29:26 Bodkin Arrow
35:18 Wheelbarrow
36:06 Leather Archer Armor
37:28 Double-Bit Axe
CLB_Shaka
6:00 Loom
14:00 Feudal Age
19:35 Castle Age
18:58 Double-Bit Axe
22:13 Fletching
24:39 Padded Archer Armor
35:53 Horse Collar
39:59 Heavy Plow
Connection lost

Rejoining the realm…

Still unreachable

The connection could not be restored.

Session expired

The server has moved on; the page needs a fresh start.